| TOP OF THE 1ST |
|
Kingsport Mets batting - Pitching for Chicago (APP) Cubs : RHP Bobby Almonte
|
|
Pitching: RHP Bobby Almonte
|
|
|
Batting: RHB Michael Youngberry
|
0-0: Ball 1-0: Ball 2-0: Called Strike 2-1: Ball 3-1: Foul Ball, location: 2F 3-2: Base on Balls
|
|
Batting: RHB Enrique Aguirre
|
0-0: Called Strike Michael Youngberry steals 2nd base 0-1: Foul Ball, location: 2F 0-2: Ground out 4-3 (Groundball, 4M, EV 99.4 MPH) Michael Youngberry to third
|
|
Batting: SHB Tyler Maddux
|
0-0: Ball 1-0: Ball 2-0: 2-RUN HOME RUN (Flyball, 9LD, EV 95.0 MPH), Distance : 359 ft
|
|
Batting: SHB Nick Daigle
|
0-0: Fly out, F7 (Flyball, 78D, EV 85.0 MPH)
|
|
Batting: RHB Bill Crogan
|
0-0: Called Strike 0-1: Foul Ball, location: 2F 0-2: Ball 1-2: Ball 2-2: Ball 3-2: Base on Balls
|
|
Batting: SHB Keith Casner
|
0-0: Ball 1-0: Single, Error in OF, E9, batter to second base (Groundball, 34D, EV 100.0 MPH) Bill Crogan to third
|
|
Batting: RHB Chris Artz
|
0-0: Ball 1-0: Swinging Strike 1-1: Ball 2-1: Called Strike 2-2: SINGLE (Flyball, 5D, EV 93.1 MPH) Bill Crogan scores Keith Casner to third
|
|
Batting: SHB Adonis Jones
|
0-0: Ball 1-0: Ball 2-0: Ball 3-0: Called Strike 3-1: Foul Ball, location: 2F 3-2: 3-RUN HOME RUN (Flyball, 9D, EV 99.4 MPH), Distance : 389 ft
|
|
Batting: RHB Sam Callahan
|
0-0: Called Strike 0-1: Called Strike 0-2: Ball 1-2: Ball 2-2: SOLO HOME RUN (Flyball, 7D, EV 101.9 MPH), Distance : 401 ft
|
|
Batting: RHB Michael Youngberry
|
0-0: SINGLE (Groundball, 56, EV 96.9 MPH) (infield hit)
|
|
Batting: RHB Enrique Aguirre
|
0-0: Called Strike 0-1: SINGLE (Line Drive, 7LS, EV 91.2 MPH) Michael Youngberry to second
|
|
Batting: SHB Tyler Maddux
|
0-0: SINGLE (Groundball, 34S, EV 75.6 MPH) (infield hit) Michael Youngberry to third Enrique Aguirre to second
|
|
Batting: SHB Nick Daigle
|
0-0: Ball 1-0: Ball 2-0: Ball 3-0: Base on Balls Michael Youngberry scores Enrique Aguirre to third Tyler Maddux to second
|
|
Pitching: RHP Masato Iwase
|
|
|
Batting: RHB Bill Crogan
|
0-0: Ball 1-0: Ball 2-0: Ball 3-0: Base on Balls Enrique Aguirre scores Tyler Maddux to third Nick Daigle to second
|
|
Batting: SHB Keith Casner
|
0-0: Ball 1-0: SINGLE (Groundball, 34D, EV 109.4 MPH) Tyler Maddux scores Nick Daigle to third Bill Crogan to second Runner from 3rd tries for Home, SAFE, throw by RF to home
|
|
Batting: RHB Chris Artz
|
0-0: Foul Ball, location: 2F 0-1: Ball 1-1: Ball 2-1: Swinging Strike 2-2: Ball 3-2: Fly out, F7 (Line Drive, 7LM, EV 111.9 MPH)
|
| Top of the 1st over - 11 runs, 9 hits, 1 error, 2 left on base; Kingsport 11 - Chicago (APP) 0 |
| BOTTOM OF THE 1ST |
|
Chicago (APP) Cubs batting - Pitching for Kingsport Mets : RHP Emanuel Anochondo
|
|
Pitching: RHP Emanuel Anochondo
|
|
|
Batting: SHB Jim Lloyd
|
0-0: Called Strike 0-1: Foul Ball, location: 2F 0-2: Ball 1-2: Ball 2-2: Strikes out swinging
|
|
Batting: RHB Dustin Goldsborough
|
0-0: Ball 1-0: Ball 2-0: Ball 3-0: Called Strike 3-1: Foul Ball, location: 2F 3-2: Foul Ball, location: 2F 3-2: Strikes out looking
|
|
Batting: RHB Mike Stein
|
0-0: Foul Ball, location: 2F 0-1: Ball 1-1: Ball 2-1: Foul Ball, location: 2F 2-2: Reached via error on a dropped throw from 3B, E3 (Groundball, 56S, EV 87.5 MPH)
|
|
Batting: RHB Andy Baumhardt
|
0-0: Foul Ball, location: 2F 0-1: Ball 1-1: Foul Ball, location: 2F 1-2: Fly out, F7 (Flyball, 7S, EV 78.1 MPH)
|
| Bottom of the 1st over - 0 runs, 0 hits, 1 error, 1 left on base; Kingsport 11 - Chicago (APP) 0 |
| TOP OF THE 2ND |
|
Kingsport Mets batting - Pitching for Chicago (APP) Cubs : RHP Masato Iwase
|
|
Batting: SHB Adonis Jones
|
0-0: Ball 1-0: Called Strike 1-1: Swinging Strike 1-2: Foul Ball, location: 2F 1-2: Strikes out swinging
|
|
Batting: RHB Sam Callahan
|
0-0: Ground out 6-3 (Groundball, 6, EV 98.1 MPH)
|
|
Batting: RHB Michael Youngberry
|
0-0: Ball 1-0: Foul Ball, location: 2F 1-1: Foul Ball, location: 2F 1-2: Foul Ball, location: 2F 1-2: Strikes out looking
|
| Top of the 2nd over - 0 runs, 0 hits, 0 errors, 0 left on base; Kingsport 11 - Chicago (APP) 0 |
| BOTTOM OF THE 2ND |
|
Chicago (APP) Cubs batting - Pitching for Kingsport Mets : RHP Emanuel Anochondo
|
|
Batting: RHB Juan Lira
|
0-0: Foul Ball, location: 2F 0-1: Ball 1-1: Ball 2-1: Swinging Strike 2-2: Strikes out swinging
|
|
Batting: LHB Jose Mafano
|
0-0: Ball 1-0: Ball 2-0: Ball 3-0: Base on Balls
|
|
Batting: RHB Andy Villarreal
|
0-0: Ball 1-0: Swinging Strike 1-1: Ball 2-1: Swinging Strike 2-2: Ball 3-2: Foul Ball, location: 2F 3-2: Strikes out swinging
|
|
Batting: RHB Lencho Otieno
|
0-0: Called Strike 0-1: Called Strike 0-2: Ball 1-2: Strikes out looking
|
| Bottom of the 2nd over - 0 runs, 0 hits, 0 errors, 1 left on base; Kingsport 11 - Chicago (APP) 0 |
| TOP OF THE 3RD |
|
Kingsport Mets batting - Pitching for Chicago (APP) Cubs : RHP Masato Iwase
|
|
Batting: RHB Enrique Aguirre
|
0-0: Ball 1-0: Called Strike 1-1: Foul Ball, location: 2F 1-2: Ball 2-2: Ball 3-2: Base on Balls
|
|
Batting: SHB Tyler Maddux
|
0-0: Ball 1-0: Ball 2-0: Ball 3-0: Called Strike 3-1: Foul Ball, location: 2F 3-2: Fly out, F8 (Flyball, 89S, EV 77.5 MPH)
|
|
Batting: SHB Nick Daigle
|
0-0: Called Strike 0-1: Ball 1-1: Ball 2-1: Called Strike 2-2: Ball 3-2: Base on Balls Enrique Aguirre to second
|
|
Batting: RHB Bill Crogan
|
0-0: Called Strike 0-1: Foul Ball, location: 2F 0-2: Foul Ball, location: 2F 0-2: SINGLE (Groundball, 56, EV 101.9 MPH) (infield hit) Enrique Aguirre to third Nick Daigle to second
|
|
Batting: SHB Keith Casner
|
0-0: Foul Ball, location: 2F 0-1: Swinging Strike 0-2: Ball 1-2: DOUBLE (Flyball, 8RXD, EV 101.9 MPH) Enrique Aguirre scores Nick Daigle scores Bill Crogan to third
|
|
Batting: RHB Chris Artz
|
0-0: Called Strike 0-1: Ball 1-1: Swinging Strike 1-2: Ball 2-2: Foul Ball, location: 2F 2-2: Foul Ball, location: 2F 2-2: Strikes out swinging
|
|
Batting: SHB Adonis Jones
|
0-0: Called Strike 0-1: Ball 1-1: Ball 2-1: Ball 3-1: Base on Balls
|
|
Batting: RHB Sam Callahan
|
0-0: Foul Ball, location: 2F 0-1: Called Strike 0-2: Ball 1-2: Foul Ball, location: 2F 1-2: Ball 2-2: Ball 3-2: Strikes out swinging
|
| Top of the 3rd over - 2 runs, 2 hits, 0 errors, 3 left on base; Kingsport 13 - Chicago (APP) 0 |
| BOTTOM OF THE 3RD |
|
Chicago (APP) Cubs batting - Pitching for Kingsport Mets : RHP Emanuel Anochondo
|
|
Batting: RHB Jorge Gonzalez
|
0-0: Ball 1-0: Foul Ball, location: 2F 1-1: Foul Ball, location: 2F 1-2: Fly out, F8 (Flyball, 8LD, EV 101.9 MPH)
|
|
Batting: SHB Jim Lloyd
|
0-0: Foul Ball, location: 2F 0-1: Foul Ball, location: 2F 0-2: Ball 1-2: Strikes out swinging
|
|
Batting: RHB Dustin Goldsborough
|
0-0: Called Strike 0-1: Foul Ball, location: 2F 0-2: Ball 1-2: Strikes out swinging
|
| Bottom of the 3rd over - 0 runs, 0 hits, 0 errors, 0 left on base; Kingsport 13 - Chicago (APP) 0 |
| TOP OF THE 4TH |
|
Kingsport Mets batting - Pitching for Chicago (APP) Cubs : RHP Masato Iwase
|
|
Batting: RHB Michael Youngberry
|
0-0: Swinging Strike 0-1: Swinging Strike 0-2: Fly out, F8 (Flyball, 8RS, EV 78.1 MPH)
|
|
Batting: RHB Enrique Aguirre
|
0-0: Called Strike 0-1: Foul Ball, location: 2F 0-2: Foul Ball, location: 2F 0-2: SINGLE (Groundball, 6, EV 110.6 MPH)
|
|
Batting: SHB Tyler Maddux
|
0-0: Foul Ball, location: 2F 0-1: Called Strike 0-2: Reached on error, E5 (Groundball, 56, EV 93.1 MPH) Enrique Aguirre to second
|
|
Batting: SHB Nick Daigle
|
0-0: Ball 1-0: Ball 2-0: Ball 3-0: Called Strike 3-1: Base on Balls Enrique Aguirre to third Tyler Maddux to second
|
|
Batting: RHB Bill Crogan
|
0-0: Ball 1-0: Called Strike 1-1: Ball 2-1: Swinging Strike 2-2: Ball 3-2: GRAND SLAM HOME RUN (Flyball, 7D, EV 96.2 MPH), Distance : 382 ft
|
|
Batting: SHB Keith Casner
|
0-0: Foul Ball, location: 2F 0-1: Ground out U3 (Groundball, 3, EV 81.2 MPH)
|
|
Batting: RHB Chris Artz
|
0-0: SOLO HOME RUN (Flyball, 7D, EV 96.2 MPH), Distance : 391 ft
|
|
Batting: SHB Adonis Jones
|
0-0: Ball 1-0: Ball 2-0: Ball 3-0: Base on Balls
|
|
Batting: RHB Sam Callahan
|
0-0: Fielders Choice at 2nd, U4 (Groundball, 4M, EV 91.9 MPH)
|
| Top of the 4th over - 5 runs, 3 hits, 1 error, 1 left on base; Kingsport 18 - Chicago (APP) 0 |
| BOTTOM OF THE 4TH |
|
Chicago (APP) Cubs batting - Pitching for Kingsport Mets : RHP Emanuel Anochondo
|
|
Batting: RHB Mike Stein
|
0-0: Swinging Strike 0-1: Ball 1-1: Foul Ball, location: 2F 1-2: Strikes out looking
|
|
Batting: RHB Andy Baumhardt
|
0-0: Foul Ball, location: 2F 0-1: Ball 1-1: Foul Ball, location: 2F 1-2: Ball 2-2: Ball 3-2: Base on Balls
|
|
Batting: RHB Juan Lira
|
0-0: Ball Wild Pitch! Andy Baumhardt to second 1-0: Called Strike 1-1: Ball Wild Pitch! Andy Baumhardt to third 2-1: Fly out, F8 (Flyball, 8RD, EV 90.0 MPH) Runner from 3rd tags up, OUT at HOME! 8-2
|
| Bottom of the 4th over - 0 runs, 0 hits, 0 errors, 0 left on base; Kingsport 18 - Chicago (APP) 0 |
| TOP OF THE 5TH |
|
Kingsport Mets batting - Pitching for Chicago (APP) Cubs : RHP Masato Iwase
|
|
Batting: RHB Michael Youngberry
|
0-0: Ball 1-0: Ball 2-0: Called Strike 2-1: Called Strike 2-2: Strikes out swinging
|
|
Batting: RHB Enrique Aguirre
|
0-0: Called Strike 0-1: SOLO HOME RUN (Flyball, 78XD, EV 116.2 MPH), Distance : 449 ft
|
|
Batting: SHB Tyler Maddux
|
0-0: SOLO HOME RUN (Flyball, 9D, EV 98.1 MPH), Distance : 393 ft
|
|
Batting: SHB Nick Daigle
|
0-0: Foul Ball, location: 2F 0-1: Foul Ball, location: 2F 0-2: Fly out, F8 (Flyball, 8RM, EV 77.5 MPH)
|
|
Batting: RHB Bill Crogan
|
0-0: Ball 1-0: SOLO HOME RUN (Flyball, 78XD, EV 109.4 MPH), Distance : 424 ft
|
|
Batting: SHB Keith Casner
|
0-0: SOLO HOME RUN (Line Drive, 9LD, EV 96.2 MPH), Distance : 353 ft
|
|
Batting: RHB Chris Artz
|
0-0: Ground out 5-3 (Groundball, 5S, EV 69.4 MPH)
|
| Top of the 5th over - 4 runs, 4 hits, 0 errors, 0 left on base; Kingsport 22 - Chicago (APP) 0 |
| BOTTOM OF THE 5TH |
|
Chicago (APP) Cubs batting - Pitching for Kingsport Mets : RHP Emanuel Anochondo
|
|
Batting: LHB Jose Mafano
|
0-0: Ball 1-0: Swinging Strike 1-1: Swinging Strike 1-2: Strikes out swinging
|
|
Batting: RHB Andy Villarreal
|
0-0: Swinging Strike 0-1: Called Strike 0-2: Foul Ball, location: 2F 0-2: Foul Ball, location: 2F 0-2: SINGLE (Line Drive, 8LS, EV 90.6 MPH)
|
|
Batting: RHB Lencho Otieno
|
0-0: Called Strike 0-1: Ball 1-1: Called Strike Andy Villarreal steals 2nd base 1-2: Strikes out swinging
|
|
Batting: RHB Jorge Gonzalez
|
0-0: Called Strike 0-1: SINGLE (Groundball, 6D, EV 100.6 MPH) Andy Villarreal to third Runner from 3rd tries for Home, SAFE, throw by LF to home
|
|
Batting: SHB Jim Lloyd
|
0-0: Ball 1-0: Foul Ball, location: 2F 1-1: Ball 2-1: Fly out, F9 (Flyball, 89D, EV 102.5 MPH)
|
| Bottom of the 5th over - 1 run, 2 hits, 0 errors, 1 left on base; Kingsport 22 - Chicago (APP) 1 |
| TOP OF THE 6TH |
|
Kingsport Mets batting - Pitching for Chicago (APP) Cubs : RHP Masato Iwase
|
|
Batting: SHB Adonis Jones
|
0-0: SOLO HOME RUN (Flyball, 9D, EV 99.4 MPH), Distance : 381 ft
|
|
Batting: RHB Sam Callahan
|
0-0: Called Strike 0-1: Ball 1-1: Ball 2-1: Ball 3-1: Called Strike 3-2: Base on Balls
|
|
Batting: RHB Michael Youngberry
|
0-0: Ball 1-0: Foul Ball, location: 2F 1-1: Foul Ball, location: 2F 1-2: Ball 2-2: Strikes out swinging
|
|
Batting: RHB Enrique Aguirre
|
0-0: Ball Passed Ball! Sam Callahan to second 1-0: Foul Ball, location: 2F 1-1: Ball 2-1: Ball 3-1: Base on Balls
|
|
Batting: SHB Tyler Maddux
|
0-0: Called Strike 0-1: Ball 1-1: Foul Ball, location: 2F 1-2: Ball 2-2: Foul Ball, location: 2F 2-2: Ball 3-2: Base on Balls Sam Callahan to third Enrique Aguirre to second
|
|
Batting: SHB Nick Daigle
|
0-0: Ball Wild Pitch! Sam Callahan scores Enrique Aguirre to third Tyler Maddux to second 1-0: Ball 2-0: Ball 3-0: Base on Balls
|
|
Batting: RHB Bill Crogan
|
0-0: Swinging Strike 0-1: Ball 1-1: Fly out, F8 (Flyball, 8RD, EV 101.2 MPH) Throwing error, E8 Enrique Aguirre scores Tyler Maddux to third Nick Daigle to second
|
|
Batting: SHB Keith Casner
|
0-0: Ball 1-0: Ball 2-0: Ball 3-0: Base on Balls
|
|
Batting: RHB Chris Artz
|
0-0: Foul Ball, location: 2F 0-1: SINGLE (Groundball, 6D, EV 94.4 MPH) Tyler Maddux scores Nick Daigle to third Keith Casner to second Runner from 3rd tries for Home, SAFE, throw by CF to home
|
|
Batting: SHB Adonis Jones
|
0-0: Foul Ball, location: 2F 0-1: Fly out, F8 (Flyball, 8RD, EV 90.6 MPH)
|
| Top of the 6th over - 5 runs, 2 hits, 1 error, 2 left on base; Kingsport 27 - Chicago (APP) 1 |
| BOTTOM OF THE 6TH |
|
Chicago (APP) Cubs batting - Pitching for Kingsport Mets : RHP Emanuel Anochondo
|
|
Batting: RHB Dustin Goldsborough
|
0-0: Ball 1-0: Called Strike 1-1: Fly out, F8 (Line Drive, 8RD, EV 95.0 MPH)
|
|
Batting: RHB Mike Stein
|
0-0: Foul Ball, location: 2F 0-1: Ground out 5-3 (Groundball, 56, EV 86.2 MPH)
|
|
Batting: RHB Andy Baumhardt
|
0-0: Ball 1-0: Called Strike 1-1: Foul Ball, location: 2F 1-2: Foul Ball, location: 2F 1-2: Strikes out swinging
|
| Bottom of the 6th over - 0 runs, 0 hits, 0 errors, 0 left on base; Kingsport 27 - Chicago (APP) 1 |
| TOP OF THE 7TH |
|
Kingsport Mets batting - Pitching for Chicago (APP) Cubs : RHP Masato Iwase
|
|
Batting: RHB Sam Callahan
|
0-0: Swinging Strike 0-1: Ground out U3 (Groundball, 3, EV 83.1 MPH)
|
|
Pinch Hitting: LHB Jeremy Moorehead
|
0-0: Fly out, F7 (Flyball, 7LM, EV 87.5 MPH)
|
|
Batting: RHB Enrique Aguirre
|
0-0: Swinging Strike 0-1: Ball 1-1: Foul Ball, location: 2F 1-2: Strikes out swinging
|
| Top of the 7th over - 0 runs, 0 hits, 0 errors, 0 left on base; Kingsport 27 - Chicago (APP) 1 |
| BOTTOM OF THE 7TH |
|
Chicago (APP) Cubs batting - Pitching for Kingsport Mets : RHP Emanuel Anochondo
|
|
Pitching: RHP Jeremy Delka
|
|
|
Now in LF: Jeremy Moorehead
|
|
|
Batting: RHB Juan Lira
|
0-0: Ball 1-0: Ball 2-0: Called Strike 2-1: Ball 3-1: Fly out, F8 (Flyball, 8RM, EV 83.8 MPH)
|
|
Batting: LHB Jose Mafano
|
0-0: Called Strike 0-1: Ball 1-1: Foul Ball, location: 2F 1-2: Ball 2-2: Strikes out swinging
|
|
Batting: RHB Andy Villarreal
|
0-0: Swinging Strike 0-1: Called Strike 0-2: Strikes out swinging
|
| Bottom of the 7th over - 0 runs, 0 hits, 0 errors, 0 left on base; Kingsport 27 - Chicago (APP) 1 |
| TOP OF THE 8TH |
|
Kingsport Mets batting - Pitching for Chicago (APP) Cubs : RHP Masato Iwase
|
|
Batting: SHB Tyler Maddux
|
0-0: Foul Ball, location: 2F 0-1: Ball 1-1: SINGLE (Groundball, 4M, EV 105.0 MPH) (infield hit)
|
|
Batting: SHB Nick Daigle
|
0-0: Ball 1-0: Ball 2-0: Ball 3-0: Called Strike 3-1: Base on Balls Tyler Maddux to second
|
|
Batting: RHB Bill Crogan
|
0-0: Ball 1-0: Called Strike 1-1: Grounds into double play, 3-6-3 (Groundball, 34, EV 83.1 MPH) Tyler Maddux to third
|
|
Batting: SHB Keith Casner
|
0-0: SINGLE (Groundball, 34, EV 105.0 MPH) Tyler Maddux scores
|
|
Batting: RHB Chris Artz
|
0-0: Ball 1-0: Ball 2-0: Ball 3-0: Base on Balls Keith Casner to second
|
|
Batting: SHB Adonis Jones
|
0-0: Called Strike 0-1: Called Strike 0-2: Strikes out swinging
|
| Top of the 8th over - 1 run, 2 hits, 0 errors, 2 left on base; Kingsport 28 - Chicago (APP) 1 |
| BOTTOM OF THE 8TH |
|
Chicago (APP) Cubs batting - Pitching for Kingsport Mets : RHP Jeremy Delka
|
|
Batting: RHB Lencho Otieno
|
0-0: Called Strike 0-1: Fly out, F8 (Flyball, 8RM, EV 83.1 MPH)
|
|
Batting: RHB Jorge Gonzalez
|
0-0: Foul Ball, location: 2F 0-1: Foul Ball, location: 2F 0-2: Strikes out swinging
|
|
Batting: SHB Jim Lloyd
|
0-0: Called Strike 0-1: Swinging Strike 0-2: Strikes out swinging
|
| Bottom of the 8th over - 0 runs, 0 hits, 0 errors, 0 left on base; Kingsport 28 - Chicago (APP) 1 |
| TOP OF THE 9TH |
|
Kingsport Mets batting - Pitching for Chicago (APP) Cubs : RHP Masato Iwase
|
|
Batting: RHB Sam Callahan
|
0-0: Swinging Strike 0-1: Ball 1-1: Fly out, F8 (Flyball, 8RD, EV 93.1 MPH)
|
|
Batting: LHB Jeremy Moorehead
|
0-0: SINGLE (Groundball, 6M, EV 86.9 MPH) (infield hit)
|
|
Batting: RHB Enrique Aguirre
|
0-0: Foul Ball, location: 2F 0-1: Fly out, F7 (Flyball, 78M, EV 81.9 MPH)
|
|
Batting: SHB Tyler Maddux
|
0-0: Ground out U3 (Groundball, 3, EV 103.1 MPH)
|
| Top of the 9th over - 0 runs, 1 hit, 0 errors, 1 left on base; Kingsport 28 - Chicago (APP) 1 |
| BOTTOM OF THE 9TH |
|
Chicago (APP) Cubs batting - Pitching for Kingsport Mets : RHP Jeremy Delka
|
|
Batting: RHB Dustin Goldsborough
|
0-0: Swinging Strike 0-1: Swinging Strike 0-2: Strikes out swinging
|
|
Batting: RHB Mike Stein
|
0-0: Called Strike 0-1: Called Strike 0-2: Ball 1-2: Strikes out swinging
|
|
Batting: RHB Andy Baumhardt
|
0-0: Ball 1-0: Ball 2-0: Ball 3-0: Base on Balls
|
|
Batting: RHB Juan Lira
|
0-0: Ground out U3 (Groundball, 3S, EV 81.2 MPH)
|
| Bottom of the 9th over - 0 runs, 0 hits, 0 errors, 1 left on base; Kingsport 28 - Chicago (APP) 1 |
|